 Dungeon Crawl Stone Soup version 0.27.1-1-g398f81649c (webtiles) character file.

Game seed: 11550365616069867399

22 Descartes the Sneak (level 2, -1/29 HPs)
             Began as a Troll Delver on Sept 8, 2021.
             Slain by a bullfrog zombie (5 damage)
             ... on level 5 of the Dungeon.
             The game lasted 00:00:36 (131 turns).

Descartes the Sneak (Troll Delver)                   Turns: 131, Time: 00:00:36

Health: -1/29      AC:  4    Str: 19    XL:     2   Next: 68%
Magic:  1/1        EV: 10    Int:  6    God:
Gold:   26         SH:  0    Dex: 11    Spells: 1/1 levels left

rFire    . . .     SeeInvis .     - Unarmed
rCold    . . .     Faith    .   (no shield)
rNeg     . . .     Spirit   .   a - +0 robe
rPois    .         Reflect  .   (helmet restricted)
rElec    .         Harm     .   (no cloak)
rCorr    .         Rampage  .   (gloves unavailable)
Will     .....                  (boots unavailable)
Stlth    ++........             (no amulet)
HPRegen  1.09/turn              (no ring)
MPRegen  0.07/turn              (no ring)

@: no status effects
A: large, unfitting armour, claws 3, regeneration 1, shaggy fur 1, tough skin 1
a: no special abilities


You were on level 5 of the Dungeon.
You visited 1 branch of the dungeon, and saw 1 of its levels.

You collected 26 gold pieces.

Inventory:

Armour
 a - a +0 robe (worn)
Jewellery
 h - a ring of wizardry
Wands
 f - a wand of digging (3)
Scrolls
 b - a scroll of fog
 c - a scroll of magic mapping
 d - a scroll of fear
Potions
 e - a potion of haste
 g - a potion of degeneration {unknown}


   Skills:
 - Level 2.4 Fighting
 + Level 2.2 Dodging
 - Level 2.7 Stealth
 + Level 2.7 Unarmed Combat


You had one spell level left.
You didn't know any spells.
Your spell library was empty.

Dungeon Overview and Level Annotations

Branches:
Dungeon (5/15)
 Temple: D:4-7

Altars:


Innate Abilities, Weirdness & Mutations

You are too large for most types of armour.
You have claws for hands.
Your natural rate of healing is unusually fast.
You are covered in fur. (AC +1)
You have tough skin. (AC +1)


Message History

No target in view!
No target in view!
No target in view!
No target in view!
You see here a quokka corpse.
You now have 26 gold pieces (gained 4).
Found a stone staircase leading down.
Found 18 stones.
There is a stone staircase leading down here.
A bullfrog zombie comes into view.
A bullfrog zombie is nearby!
A troll comes into view.
The troll shouts!
The troll bites you. The troll claws you but does no damage.
The troll claws you.
You claw the troll!
The troll is moderately wounded.
The troll bites you. The troll closely misses you. x2
You claw the troll!
The troll is heavily wounded.
The bullfrog zombie hits you but does no damage.
The troll bites you! The troll barely misses you. The troll claws you!
* * * LOW HITPOINT WARNING * * *
The bullfrog zombie hits you but does no damage.
You are too injured to fight recklessly!
You are too injured to fight recklessly!
You are too injured to fight recklessly!
You are too injured to fight recklessly!
You are too injured to fight recklessly!
You are too injured to fight recklessly!
You are too injured to fight recklessly!
You are too injured to fight recklessly!
You are too injured to fight recklessly!
You are too injured to fight recklessly!
You are too injured to fight recklessly!
You are too injured to fight recklessly!
You are too injured to fight recklessly!
You are too injured to fight recklessly!
The bullfrog zombie hits you.
You die...

#.# #..# #.#######
#..# #.......# #..#
# #.#####.##
#..###.# #.........
....... #.########
#.... #.# #..#
#.##########..#####
#.......>@ZT(.......
####################


You could see a troll and a bullfrog zombie.

Vanquished Creatures
  2 adders (D:5)
  An orc (D:5)
  A quokka (D:5)
4 creatures vanquished.

Notes
Turn   | Place    | Note
-------+----------+-------------------------------------------
     0 | D:5      | Descartes the Troll Delver began the quest for the Orb.
     0 | D:5      | Reached XP level 1. HP: 22/22 MP: 0/0
    23 | D:5      | Reached XP level 2. HP: 29/29 MP: 1/1
   125 | D:5      | Noticed a troll
   128 | D:5      | HP: 1/29 [troll (8)]
   131 | D:5      | Slain by a bullfrog zombie

Illustrated notes

Levels and vault maps discovered:
D:5:      layout_loops_ring, minmay_temple_entry_purple_smoke

Skill      XL: |  1 |
---------------+----+-----
Dodging        | 2 |  2.2
Fighting       | |  2.4
Stealth        | |  2.7
Unarmed Combat | |  2.7

Action                   || total
-------------------------++-------
Melee: Unarmed           ||    12
 Stab: Distracted        ||     1
       Sleeping          ||     1
Armor: Robe              ||     7
Dodge: Dodged            ||     5
